 Dungeon Crawl Stone Soup version 0.19-a0-328-g3707654 (webtiles) character file.

79 mistymad the Conjurer (level 4, -4/35 HPs)
             Began as a Draconian Conjurer on May 28, 2016.
             Killed by nerve-wracking pain
             ... invoked by Grinder
              (5 damage)
             ... on level 4 of the Dungeon.
             The game lasted 00:07:55 (2484 turns).

mistymad the Conjurer (Draconian Conjurer)          Turns: 2484, Time: 00:07:56

Health: -4/35      AC:  6    Str: 10    XL:     4   Next: 17%
Magic:  4/7        EV: 12    Int: 17    God:
Gold:   52         SH:  0    Dex: 11    Spells: 2 memorised, 4 levels left

rFire  . . .     SeeInvis .     (no weapon)
rCold  . . .     Gourm    .     (armour unavailable)
rNeg   . . .     Faith    .     (no shield)
rPois  .         Spirit   .     (helmet restricted)
rElec  .         Dismiss  .     (no cloak)
rCorr  .         Reflect  .     (no gloves)
SustAt .         Harm     .     h - +0 pair of boots
MR     .....                    (no amulet)
Stlth  ++........               (no ring)
                                (no ring)

@: not resistant to hostile enchantments, unstealthy
A: unfitting armour, cold-blooded, AC +5
a: no special abilities


You were on level 4 of the Dungeon.
You were not hungry.

You visited 1 branch of the dungeon, and saw 4 of its levels.

You collected 52 gold pieces.

Inventory:

Armour
 h - a +0 pair of boots (worn)
Jewellery
 n - an uncursed ring of wizardry {unknown}
Scrolls
 d - a scroll of magic mapping {unknown}
 e - a scroll of remove curse {unknown}
 f - 3 scrolls of identify {unknown}
 g - a scroll of immolation {unknown}
 i - 2 scrolls of recharging {unknown}
 k - a scroll of enchant weapon {unknown}
 l - a scroll of blinking {unknown}
Potions
 c - a potion of mutation {unknown}
 j - a potion of brilliance {unknown}
Books
 a - a book of Conjurations

   Spells                             Type                      Level
   a - Magic Dart                     Conjuration                  1
   b - Searing Ray                    Conjuration                  2
   c - Dazzling Spray                 Conjuration/Hexes            3
   d - Fulminant Prism                Conjuration/Hexes            4
   e - Iskenderun's Mystic Blast      Conjuration                  4
   f - Iskenderun's Battlesphere      Conjuration/Charms           5
Comestibles
 b - a bread ration
 m - 3 chunks of flesh


   Skills:
 + Level 1.5 Fighting
 + Level 2.5 Dodging
 + Level 2.5 Stealth
 + Level 2.3 Spellcasting
 + Level 4.3 Conjurations


You had 4 spell levels left.
You knew the following spells:

 Your Spells              Type           Power        Failure   Level  Hunger
a - Magic Dart            Conj           ###.         3%          1    #......
b - Searing Ray           Conj           ###...       6%          2    ##.....


Dungeon Overview and Level Annotations

Branches:
Dungeon (4/15)
 Temple: D:4-7

Altars:

Annotations:
D:3 Sigmund, Terence
D:4 Grinder


Innate Abilities, Weirdness & Mutations

Your plain brown scales are hard (AC +5).
Your body does not fit into most forms of armour.
You are cold-blooded and may be slowed by cold attacks.


Message History

You writhe in agony.
* * * LOW HITPOINT WARNING * * *
You climb downwards.
Found 15 gold pieces.
There is a stone staircase leading up here.
You take 10 damage, and have 3/35 hp.
MASSIVE DAMAGE!!
Casting: Searing Ray
Confirm with . or Enter, or press ? or * to list all spells.
Aiming: Searing Ray
Press: ? - help, Shift-Dir - straight line, f - Grinder
Aim: Grinder The searing ray hits Grinder.
Grinder is lightly wounded.
Grinder hits you.
* * * LOW HITPOINT WARNING * * *
You take 2 damage, and have 1/35 hp.
You now have 5/7 mp.
The searing ray misses Grinder.
Grinder gestures at you. Pain shoots through your body!
You die...

# #.
.####
.$.
#5#
#@#
###


You could see Grinder.

Vanquished Creatures
  2 adders (D:2)
  5 dart slugs
  2 orcs
  4 bats
  2 giant cockroaches
  9 goblins
  4 hobgoblins
  4 jackals (D:2)
  8 kobolds
  A quokka (D:2)
  A ball python (D:1)
  2 giant newts
  A rat (D:2)
45 creatures vanquished.

Notes
Turn   | Place    | Note
--------------------------------------------------------------
     0 | D:1      | mistymad the Draconian Conjurer began the quest for the Orb.
     0 | D:1      | Reached XP level 1. HP: 14/14 MP: 3/3
   250 | D:1      | Reached XP level 2. HP: 18/22 MP: 5/5
   983 | D:1      | Reached skill level 1 in Fighting
  1255 | D:2      | Reached XP level 3. HP: 26/28 MP: 4/6
  1666 | D:2      | Learned a level 2 spell: Searing Ray
  1839 | D:3      | Noticed Terence
  2125 | D:3      | Reached XP level 4. HP: 35/35 MP: 2/7
  2179 | D:3      | Noticed Sigmund
  2459 | D:3      | Noticed Grinder
  2483 | D:4      | HP: 1/35 [Grinder (2)]
  2484 | D:4      | Killed from afar by Grinder

Vault maps used:
D:1:      kennysheep_arrival_seaside
D:3:      old_standard_altar, fedhas_altar_4, first_bread, grunt_ministairs_1,
          uniq_grinder, uniq_crazy_yiuf_cottage, uniq_terence, uniq_sigmund
D:4:      grunt_temple_overflow_order_and_chaos_1, dk_rats_in_the_wall

Skill      XL: |  1  2 |
---------------+-------+-----
Dodging        | 2 |  2.5
Stealth        | 2 |  2.5
Fighting       | 1 |  1.5
Spellcasting   | |  2.3
Conjurations   | |  4.3

Action                   |  1- 3 |  4- 6 || total
-------------------------+-------+-------++-------
Melee: Unarmed           |   130 |    20 ||   150
       Tailslap          |    14 |     2 ||    16
 Cast: Magic Dart        |    65 |     1 ||    66
       Searing Ray       |     2 |     2 ||     4
 Stab: Sleeping          |     1 |       ||     1
  Eat: Chunk             |     4 |     2 ||     6
Armor: Skin              |    28 |     2 ||    30
Dodge: Dodged            |   108 |    12 ||   120
